 Dungeon Crawl Stone Soup version 0.23.2-1-ga50397a (webtiles) character file.

Game seed: 16013667377001190079

227460 teukkam the Warrior (level 18, -43/173 HPs)
             Began as a Minotaur Fighter on Apr 26, 2019.
             Was an Initiate of Gozag.
             Killed from afar by a fire dragon (62 damage)
             ... with a blast of flame
             ... on level 3 of the Depths on May 13, 2019.
             The game lasted 03:38:28 (42735 turns).

teukkam the Warrior (Minotaur Fighter)             Turns: 42735, Time: 03:38:29

Health: -43/173    AC: 16    Str: 37    XL:     18   Next: 24%
Magic:  0/26       EV:  9    Int: 10    God:    Gozag
Gold:   2730       SH:  4    Dex: 10    Spells: 17/17 levels left

rFire    x . .     SeeInvis .   a - +4 quarterstaff of Natebb {crush, +Blink rPois Int+4}
rCold    + . .     Gourm    .   (shield currently unavailable)
rNeg     . . .     Faith    .   K - +0 chain mail "Jakke" {rF- rC+ Str+4 Slay+2} (curse)
rPois    +         Spirit   +   (helmet restricted)
rElec    .         Reflect  +   C - scarf {Spirit}
rCorr    .         Harm     .   F - +0 pair of gloves {Str+3}
MR       +....                  V - +2 pair of boots
Stlth    ..........             T - +4 amulet of reflection
HPRegen  0.38/turn              Y - +4 ring of strength
MPRegen  0.20/turn              c - +3 ring of slaying

@: gold aura
A: retaliatory headbutt, horns 2, blurry vision 1, clumsy 1
}: 2/15 runes: decaying, serpentine
a: Potion Petition, Call Merchant, Bribe Branch, Renounce Religion, Evoke Blink


You were on level 3 of the Depths.
You worshipped Gozag.
Gozag was most pleased with you.
You were not hungry.

You visited 6 branches of the dungeon, and saw 34 of its levels.
You visited the Abyss 1 time.
You also visited: Gauntlet.

You collected 14189 gold pieces.
You spent 1736 gold pieces at shops.
You paid 9723 gold pieces to Gozag.

Inventory:

Hand Weapons
 a - the +4 quarterstaff of Natebb (weapon) {crush, +Blink rPois Int+4}
   (You found it on level 8 of the Dungeon)

   It inflicts extra damage upon your enemies.
   It affects your intelligence (+4).
   It protects you from poison.
   It lets you blink.
 b - a +9 arbalest
 O - a +1 rapier of venom
 W - the +1 rapier of Hatred {elec, Str+6 Dex-5}
   (You bought it in a shop on level 4 of the Dungeon)

   Occasionally, upon striking a foe, it will discharge some electrical energy
   and cause terrible harm.
   It affects your strength (+6).
   It affects your dexterity (-5).
Missiles
 o - a tomahawk of returning (quivered)
 v - 7 javelins of penetration
 E - 21 tomahawks
 P - 403 bolts
Armour
 C - a scarf of spirit shield (worn)
 F - a +0 pair of gloves of strength (worn)
 G - a +5 scale mail of fire resistance
 K - the cursed +0 chain mail "Jakke" (worn) {rF- rC+ Str+4 Slay+2}
   (You found it on level 1 of the Depths)

   It affects your strength (+4).
   It affects your accuracy and damage with ranged weapons and melee attacks
   (+2).
   It makes you vulnerable to fire.
   It protects you from cold.
   It has a curse placed upon it.
 R - the +6 scale mail "Xagereun" {rC+ MR- Str+3}
   (You bought it in a shop on level 1 of the Snake Pit)

   It affects your strength (+3).
   It protects you from cold.
   It affects your resistance to hostile enchantments.
 V - a +2 pair of boots (worn)
Jewellery
 c - a +3 ring of slaying (right hand)
 D - an uncursed ring of poison resistance
 T - a +4 amulet of reflection (around neck)
 Y - a +4 ring of strength (left hand)
Wands
 g - a wand of polymorph (9)
 i - a wand of paralysis (18)
 n - a wand of digging (6)
 q - a wand of clouds (1)
 s - a wand of acid (8)
 x - a wand of disintegration (12)
 y - a wand of flame (21)
 S - a wand of scattershot (5)
 U - a wand of iceblast (24)
Scrolls
 e - 7 scrolls of identify
 h - 4 scrolls of magic mapping
 k - a scroll of fear
 u - 8 scrolls of fog
 w - 14 scrolls of remove curse
 A - 8 scrolls of enchant armour
 J - 8 scrolls of teleportation
 L - 3 scrolls of immolation
Potions
 d - 5 potions of might
 j - 2 potions of lignification
 l - a potion of invisibility
 m - a potion of resistance
 p - 3 potions of flight
 r - 2 potions of agility
 t - 2 potions of cancellation
 z - 4 potions of curing
 H - 2 potions of haste
 M - 7 potions of berserk rage
 Q - 2 potions of mutation
Miscellaneous
 B - a phial of floods
 I - a fan of gales
 N - a lightning rod (4/4)
 X - a lamp of fire
Comestibles
 f - 22 rations


   Skills:
 + Level 18.5 Fighting
 - Level 7.6 Short Blades
   Level 17.2 Axes
 + Level 16.6 Staves
   Level 3.1 Slings
 + Level 13.9 Crossbows
 - Level 9.6 Armour
   Level 9.6 Shields
 + Level 13.3 Evocations


You had 17 spell levels left.
You didn't know any spells.
Your spell library contained the following spells:

 Spells                   Type           Power        Failure   Level  Hunger
 Animate Skeleton         Necr           N/A          75%         1    ##.....
 Beastly Appendage        Tmut           #.....       75%         1    ##.....
 Confusing Touch          Hex            #.....       75%         1    ##.....
 Corona                   Hex            #......      75%         1    ##.....
 Flame Tongue             Conj/Fire      #....        75%         1    ##.....
 Freeze                   Ice            #...         75%         1    ##.....
 Magic Dart               Conj           #...         75%         1    ##.....
 Pain                     Necr           #...         75%         1    ##.....
 Sandblast                Erth           #.....       75%         1    ##.....
 Sting                    Conj/Pois      #...         75%         1    ##.....
 Summon Butterflies       Summ           #.......     75%         1    ##.....
 Blink                    Tloc           N/A          87%         2    ###....
 Call Imp                 Summ           #.......     87%         2    ###....
 Passwall                 Tmut/Erth      #.......     87%         2    ###....
 Slow                     Hex            #.......     87%         2    ###....
 Sticks to Snakes         Tmut           #.......     87%         2    ###....
 Sublimation of Blood     Necr           #.........   87%         2    ###....
 Throw Flame              Conj/Fire      #.....       87%         2    ###....
 Throw Frost              Conj/Ice       #.....       87%         2    ###....
 Confuse                  Hex            #.......     98%         3    ####...
 Conjure Flame            Conj/Fire      #.......     98%         3    ####...
 Gell's Gravitas          Tloc           #.........   98%         3    ####...
 Ignite Poison            Fire/Tmut/Pois #.......     98%         3    ####...
 Inner Flame              Hex/Fire       #.......     98%         3    ####...
 Mephitic Cloud           Conj/Pois/Air  #.......     98%         3    ####...
 Ozocubu's Armour         Chrm/Ice       #.......     98%         3    ####...
 Portal Projectile        Hex/Tloc       #.....       98%         3    ####...
 Recall                   Summ/Tloc      N/A          98%         3    ####...
 Regeneration             Chrm/Necr      #.........   98%         3    ####...
 Spider Form              Tmut/Pois      #.........   98%         3    ####...
 Stone Arrow              Conj/Erth      #.....       98%         3    ####...
 Summon Guardian Golem    Hex/Summ       #.......     98%         3    ####...
 Vampiric Draining        Necr           #.........   98%         3    ####...
 Animate Dead             Necr           N/A          100%        4    #####..
 Cause Fear               Hex            #.........   100%        4    #####..
 Force Lance              Conj/Tloc      #.......     100%        4    #####..
 Ice Form                 Ice/Tmut       #.......     100%        4    #####..
 Leda's Liquefaction      Hex/Erth       #.........   100%        4    #####..
 Petrify                  Tmut/Erth      #.......     100%        4    #####..
 Sticky Flame             Conj/Fire      #.......     100%        4    #####..
 Summon Ice Beast         Ice/Summ       #.......     100%        4    #####..
 Summon Lightning Spire   Summ/Air       #.......     100%        4    #####..
 Throw Icicle             Conj/Ice       #.......     100%        4    #####..
 Alistair's Intoxication  Tmut/Pois      #.......     100%        5    ######.
 Blade Hands              Tmut           #.........   100%        5    ######.
 Bolt of Magma            Conj/Fire/Erth #.........   100%        5    ######.
 Borgnjor's Vile Clutch   Necr/Erth      #.........   100%        5    ######.
 Fireball                 Conj/Fire      #.........   100%        5    ######.
 Irradiate                Conj/Tmut      #.........   100%        5    ######.
 Iskenderun's Battlesphe  Conj/Chrm      #.......     100%        5    ######.
 Lee's Rapid Deconstruct  Erth           #.........   100%        5    ######.
 Metabolic Englaciation   Hex/Ice        #.........   100%        5    ######.
 Silence                  Hex/Air        #.........   100%        5    ######.
 Venom Bolt               Conj/Pois      #.........   100%        5    ######.
 Yara's Violent Unravell  Hex/Tmut       #.........   100%        5    ######.
 Conjure Ball Lightning   Conj/Air       #.........   100%        6    #######
 Death Channel            Necr           #.........   100%        6    #######
 Deflect Missiles         Chrm/Air       #.........   100%        6    #######
 Dispersal                Tloc           #.........   100%        6    #######
 Hydra Form               Tmut           #.........   100%        6    #######
 Iron Shot                Conj/Erth      #.........   100%        6    #######
 Simulacrum               Ice/Necr       #.........   100%        6    #######
 Statue Form              Tmut/Erth      #........    100%        6    #######
 Dragon Form              Tmut           #.........   100%        7    #######
 Malign Gateway           Summ/Tloc      #.........   100%        7    #######
 Orb of Destruction       Conj           #.........   100%        7    #######
 Spellforged Servitor     Conj/Summ      #.........   100%        7    #######
 Summon Hydra             Summ           #.........   100%        7    #######
 Controlled Blink         Tloc           N/A          100%        8    #######
 Discord                  Hex            #.........   100%        8    #######
 Disjunction              Tloc           #.........   100%        8    #######
 Tornado                  Air            #.........   100%        9    #######


Dungeon Overview and Level Annotations

Branches:
Dungeon (15/15)            Temple (0/1) D:7            Lair (6/6) D:10
  Swamp (4/4) Lair:4        Snake (4/4) Lair:2        Slime (0/5) Lair:5
    Orc (2/2) D:11            Elf (0/3) Orc:2        Vaults (0/5) D:14
 Depths (3/5) D:15

Altars:
Ashenzari
Fedhas
Gozag
Hepliaklqana
Kikubaaqudgha
Nemelex Xobeh
Ru
Sif Muna
Uskayaw
Vehumet
Xom
Yredelemnul
The Shining One
Jiyva

Shops:
D:4 *   D:5 [   D:7 *   D:14 =   Orc:1 :   Orc:2 *([   Snake:1 [=:   Snake:3 !

Portals:
Hell: Depths:1
Pandemonium: Depths:3
Ziggurat: Depths:3

Annotations:
D:9 exclusion: obsidian statue
Depths:2 2 runed translucent doors
Depths:3 1 runed translucent door


Innate Abilities, Weirdness & Mutations

You reflexively headbutt those who attack you in melee.
You have a pair of horns on your head.
Scrolls take you a little longer to read.
You are clumsy. (Dex -2)


Message History

* * * LOW HITPOINT WARNING * * *
The ettin hits you but does no damage.
The blast of flame hits the lich!!
A blast of flame appears from out of your range of vision.
The blast of flame hits the deep troll earth mage!!!
The deep troll earth mage dies!
The frost giant hits your stone giant with a +0 battleaxe of freezing!!
The frost giant freezes your stone giant.
Your stone giant dies!
The tengu warrior hits the ettin but does no damage.
The tengu warrior pecks the ettin but does no damage.
The tengu warrior claws the ettin.
A tengu warrior comes into view. It is wielding a +1 great sword.
You hit the ettin.
The ettin is heavily wounded.
The fire dragon is no longer distracted by gold.
The lich becomes distracted by the nearby gold, dreaming of imaginary riches.
The fire dragon breathes flames at you. The blast of flame hits you!!!
The fire burns you terribly!
You die...
Your body crumbles into a pile of gold.

####.####
##..[C...##
##.....$...#
##...........
$#............
#.#...Q.i......
#.#....C.......
Q.....C@.......
#.#...........L
#............
#............
##...........
##...D.....#
##.......##
#########.
#######


You could see a fire dragon, an ettin, a tengu warrior, a neutral frost giant, a
neutral lich, a neutral tengu warrior, a friendly stone giant and a friendly
spriggan air mage.

Vanquished Creatures
  Nikola (Swamp:3)
  A titan (Depths:2)
  A sphinx (D:12)
  A tentacled starspawn (Abyss:3)
  A tengu reaver (Depths:2)
  Roxanne (Snake:1)
  3 thorn hunters
  Frances (Snake:1)
  5 nagarajas
  A daeva (Abyss:3)
  A frost giant (D:15)
  Aizul (Swamp:3)
  The ghost of Zudghegex the Eclecticist, an adept DECj of Cheibriados (Snake:2)
  A stone giant (Depths:1)
  A very ugly thing (Depths:3)
  A minotaur (Gauntlet)
  A lorocyproca (Depths:3)
  Snorg (D:14)
  An ettin (Depths:1)
  A great orb of eyes (Abyss:2)
  2 fire dragons
  2 rakshasas
  Harold (D:7)
  22 hydras
  11 naga warriors
  2 centaur warriors
  Erica (D:8)
  7 anacondas
  A death knight (D:12)
  A ghost crab (Swamp:4)
  22 two-headed ogres
  8 alligators
  4 ogre magi (Orc:2)
  A tengu warrior (Gauntlet)
  4 naga sharpshooters
  Nergalle (Orc:1)
  A fire crab (Lair:5)
  5 shock serpents
  A salamander mystic (Snake:3)
  A spatial maelstrom (Abyss:3)
  A skeletal warrior (D:15)
  8 swamp dragons
  An unseen horror (shapeshifter) (Abyss:2)
  A phantasmal warrior (D:11)
  18 starcursed masses
  2 wizards
  Pikel (D:8)
  3 naga ritualists (Snake:4)
  10 ugly things
  3 mana vipers
  A deep elf mage (D:15)
  3 salamanders
  4 manticores
  12 elephants
  2 apocalypse crabs (Abyss:3)
  2 guardian serpents
  14 naga magi
  24 black mambas
  Joseph (D:8)
  2 guardian serpents (shapeshifter)
  A smoke demon (Abyss:3)
  A gargoyle (D:14)
  Psyche (D:11)
  A spiny frog (shapeshifter) (D:14)
  2 yaktaurs
  2 centaur skeletons (D:12)
  A kobold demonologist (D:11)
  26 spiny frogs
  7 rime drakes
  2 efreet
  A freezing wraith (D:12)
  9 komodo dragons
  An ancient zyme (Abyss:2)
  5 trolls
  5 polar bears
  8 tyrant leeches
  Prince Ribbit (D:8)
  A troll (shapeshifter) (D:14)
  27 blink frogs
  11 slime creatures
  6 bog bodies
  7 hornets
  13 hippogriffs
  A redback (shapeshifter) (Depths:3)
  2 shadows (Swamp:3)
  A centaur simulacrum (D:12)
  8 spriggans
  3 wyverns
  62 yaks
  2 wraiths (D:12)
  A ynoxinul (Abyss:2)
  A fire elemental (Gauntlet)
  3 basilisks
  A neqoxec (Abyss:2)
  Grum (D:8)
  3 hungry ghosts
  19 nagas
  10 vampire mosquitoes
  A large abomination (Abyss:2)
  A warg (Orc:1)
  19 insubstantial wisps
  A soldier ant (D:12)
  8 swamp worms
  2 acid dragons (D:14)
  2 hell hounds (Gauntlet)
  Duvessa (D:7)
  12 water moccasins
  11 porcupines
  13 swamp drakes
  10 orc warriors
  7 black bears
  7 necrophages
  3 sky beasts
  25 ogres
  18 wolves
  10 centaurs
  2 eyes of draining
  14 crocodiles
  5 big kobolds
  31 bullfrogs
  Dowan (D:7)
  A jelly (D:12)
  3 scorpions
  2 small abominations (Abyss:3)
  A wyvern skeleton (D:6)
  15 killer bees
  4 wights (D:8)
  An electric eel (Lair:6)
  2 howler monkeys
  8 crimson imps
  4 bullfrog skeletons
  11 orc priests
  7 hounds
  14 orc wizards
  3 iguanas
  6 hell rats
  12 worker ants
  A hound skeleton (D:8)
  A worker ant zombie (D:5)
  4 gnolls
  15 adders
  4 shadow imps
  12 white imps (D:12)
  2 oozes
  3 adder skeletons (D:4)
  A dart slug (D:2)
  3 leopard geckos
  63 orcs
  A ball python (D:3)
  5 giant cockroaches
  5 goblins
  2 hobgoblins
  10 jackals
  2 quokkas
  4 bats
  6 frilled lizards
  21 kobolds
  A leopard gecko skeleton (D:4)
  A quokka zombie (D:7)
  A rat (D:3)
  6 briar patches (Swamp:4)
  A bush (D:10)
  A fungus (Lair:5)
  2 plants
970 creatures vanquished.

Vanquished Creatures (collateral kills)
  A caustic shrike (Depths:2)
  A golden dragon (Depths:2)
  A tentacled monstrosity (Depths:2)
  The ghost of Uthraraba the Peltast, an adept OpFE of Vehumet (Snake:2)
  A frost giant (Depths:2)
  An ettin (Depths:3)
  A fire dragon (Depths:1)
  A great orb of eyes (Depths:3)
  An ice dragon (Depths:1)
  A centaur warrior (Depths:3)
  An anaconda (shapeshifter) (Depths:3)
  An ogre mage (Depths:1)
  A two-headed ogre (Depths:1)
  A shock serpent (Snake:4)
  A hell knight (Depths:3)
  A fire crab (shapeshifter) (Depths:3)
  A glowing orange brain (Depths:3)
  A deep troll (Depths:3)
  A naga ritualist (Snake:4)
  An orb spider (shapeshifter) (Depths:3)
  A necromancer (Depths:1)
  A mana viper (Snake:4)
  A black mamba (Snake:4)
  A rust devil (Depths:3)
  A tengu conjurer (Depths:3)
  5 yaktaurs
  A red devil (Depths:3)
  A basilisk (shapeshifter) (Depths:3)
  2 nagas (Snake:4)
  A floating eye (Depths:2)
35 creatures vanquished.

Vanquished Creatures (others)
  A sphinx (Depths:3)
  A nagaraja (Snake:4)
  A frost giant (Depths:2)
  A very ugly thing (Depths:3)
  A stone giant (Depths:3)
  An ettin (Depths:3)
  2 yaktaur captains (Depths:3)
  An ice dragon (Depths:3)
  3 naga warriors (Snake:4)
  A hydra (Swamp:1)
  An alligator (Swamp:1)
  A two-headed ogre (Depths:1)
  3 tengu warriors (Depths:3)
  3 deep troll earth magi (Depths:3)
  5 naga sharpshooters
  A salamander mystic (Snake:3)
  6 salamanders (Snake:3)
  3 hell knights (Depths:3)
  A naga ritualist (Snake:4)
  A necromancer (Depths:3)
  An ugly thing (Depths:3)
  A mana viper (Snake:3)
  9 naga magi
  A guardian serpent (Snake:1)
  3 black mambas
  A spiny frog (Swamp:4)
  A small abomination (Abyss:3)
  13 nagas
  A black bear (shapeshifter) (Depths:3)
  An ogre (Depths:1)
  A bullfrog zombie (D:8)
  A kobold (D:11)
  A briar patch (Swamp:4)
  3 bushes
  15 fungi
  48 plants
  4 starspawn tentacles (Abyss:3)
143 creatures vanquished.

Grand Total: 1148 creatures vanquished

Notes
Turn   | Place    | Note
-------+----------+-------------------------------------------
     0 | D:1      | teukkam the Minotaur Fighter began the quest for the Orb.
     0 | D:1      | Reached XP level 1. HP: 19/19 MP: 0/0
   600 | D:2      | Reached XP level 2. HP: 27/27 MP: 1/1
   660 | D:3      | Noticed a crimson imp
   665 | D:3      | Reached skill level 4 in Fighting
   672 | D:3      | Killed a crimson imp
   672 | D:3      | Reached XP level 3. HP: 18/33 MP: 2/2
   694 | D:3      | Found a blossoming altar of Fedhas.
   760 | D:3      | Reached XP level 4. HP: 34/41 MP: 3/3
  1037 | D:3      | Found a faded altar of an unknown god.
  1048 | D:3      | Became a worshipper of Gozag Ym Sagoz the Greedy
  1665 | D:2      | Found an opulent altar of Gozag.
  1856 | D:2      | Found a deep blue altar of Sif Muna.
  1857 | D:2      | Found an ancient bone altar of Kikubaaqudgha.
  1858 | D:2      | Found a radiant altar of Vehumet.
  1869 | D:2      | Identified Sif Muna's Tome of Creation
  1957 | D:2      | Reached XP level 5. HP: 47/47 MP: 4/4
  2309 | D:3      | Found a glowing golden altar of the Shining One.
  2554 | D:4      | Reached skill level 5 in Fighting
  2633 | D:4      | Found Mevan's Assorted Antiques.
  2640 | D:4      | Bought a jewelled rapier for 252 gold pieces
  2640 | D:4      | Identified the cursed +1 rapier of Hatred {elec, Str+6
                  | Dex-5} (You bought it in a shop on level 4 of the Dungeon)
  2698 | D:4      | Reached skill level 1 in Short Blades
  2710 | D:4      | Reached skill level 5 in Armour
  2710 | D:4      | Reached skill level 5 in Shields
  2710 | D:4      | Reached XP level 6. HP: 52/56 MP: 5/5
  2992 | D:4      | Got a transparent robe
  3003 | D:4      | Identified the +0 robe of Amorality {rPois Dex+2} (You
                  | found it on level 4 of the Dungeon)
  3158 | D:4      | Found a shimmering altar of Xom.
  3208 | D:4      | Reached XP level 7. HP: 53/61 MP: 6/6
  3432 | D:5      | Entered Level 5 of the Dungeon
  3445 | D:5      | Found Wuppiciv's Armour Shoppe.
  3578 | D:5      | Reached skill level 5 in Axes
  3820 | D:6      | Reached skill level 6 in Fighting
  3873 | D:7      | Noticed a hippogriff
  3879 | D:7      | Killed a hippogriff
  3898 | D:7      | Reached XP level 8. HP: 71/71 MP: 7/7
  4046 | D:7      | Found a staircase to the Ecumenical Temple.
  4135 | D:7      | Noticed a hippogriff
  4143 | D:7      | Killed a hippogriff
  4143 | D:7      | Reached skill level 7 in Fighting
  4155 | D:7      | Found a shattered altar of Ashenzari.
  4158 | D:7      | Found a sparkling altar of Nemelex Xobeh.
  4175 | D:7      | Found a basalt altar of Yredelemnul.
  4175 | D:7      | Found a hide-covered altar of Uskayaw.
  4249 | D:7      | Identified the +2 robe of Fedhas's Pride {*Drain MR+
                  | Stlth+}
  4249 | D:7      | Noticed Duvessa
  4264 | D:7      | Noticed Dowan
  4267 | D:7      | Killed Duvessa
  4309 | D:7      | Killed Dowan
  4473 | D:7      | Noticed Harold
  4476 | D:7      | Found Kuiloe's Assorted Antiques.
  4487 | D:7      | Killed Harold
  4487 | D:7      | Reached skill level 5 in Short Blades
  4487 | D:7      | Reached XP level 9. HP: 79/81 MP: 8/8
  4520 | D:7      | Bought a thin jasper amulet for 120 gold pieces
  4825 | D:7      | Reached skill level 8 in Fighting
  5256 | D:10     | Entered Level 10 of the Dungeon
  5348 | D:9      | Found a sacrificial altar of Ru.
  5789 | D:9      | Noticed a troll
  5795 | D:9      | Killed a troll
  5876 | D:9      | Noticed an obsidian statue
  5971 | D:9      | Reached XP level 10. HP: 17/90 MP: 9/9
  6390 | D:8      | Noticed Joseph
  6410 | D:8      | Killed Joseph
  6410 | D:8      | Reached skill level 9 in Fighting
  6457 | D:8      | Noticed Erica
  6475 | D:8      | Killed Erica
  6475 | D:8      | Reached skill level 1 in Slings
  6583 | D:8      | Noticed Prince Ribbit
  6591 | D:8      | Killed Prince Ribbit
  7170 | D:8      | Noticed Pikel
  7185 | D:8      | Killed Pikel
  7222 | D:8      | Found a hazy altar of Hepliaklqana.
  7291 | D:8      | Noticed Grum
  7300 | D:8      | Killed Grum
  7334 | D:8      | Got a pitted quarterstaff
  7340 | D:8      | Identified the +4 quarterstaff of Natebb {crush, +Blink
                  | rPois Int+4} (You found it on level 8 of the Dungeon)
  8230 | D:10     | Reached skill level 1 in Staves
  8232 | D:10     | Found a staircase to the Lair.
  8240 | D:10     | Reached XP level 11. HP: 93/99 MP: 10/10
  8264 | Lair:1   | Entered Level 1 of the Lair of Beasts
  8271 | D:10     | Reached skill level 1 in Evocations
  8304 | D:10     | Reached skill level 10 in Fighting
  8799 | Lair:1   | You fall through a shaft!
  8799 | Lair:2   | Found a staircase to the Snake Pit.
 10145 | Lair:3   | Found a gate leading to a gauntlet.
 10165 | Lair:3   | Reached skill level 5 in Staves
 10185 | Lair:3   | Reached skill level 11 in Fighting
 10281 | Gauntlet | Entered a Gauntlet
 10281 | Gauntlet | Found a transporter.
 10281 | Gauntlet | Found a transporter.
 10281 | Gauntlet | Found a transporter.
 10281 | Gauntlet | Noticed a wizard
 10282 | Gauntlet | Found a transporter.
 10283 | Gauntlet | Found a transporter.
 10286 | Gauntlet | Found a transporter.
 10291 | Gauntlet | Noticed a tengu warrior
 10292 | Gauntlet | Found a transporter.
 10293 | Gauntlet | Found a runed translucent door.
 10295 | Gauntlet | Found a transporter.
 10296 | Gauntlet | Found a transporter.
 10297 | Gauntlet | Found a transporter.
 10305 | Gauntlet | Found a transporter.
 10305 | Gauntlet | Noticed a great orb of eyes
 10306 | Gauntlet | Found a transporter.
 10428 | Gauntlet | Killed a wizard
 10504 | Gauntlet | Killed a tengu warrior
 10781 | Gauntlet | Gained mutation: You are frail. (-10% HP) [potion of
                  | mutation]
 10781 | Gauntlet | Gained mutation: You are dopey. (Int -2) [potion of
                  | mutation]
 10781 | Gauntlet | Gained mutation: Your movements are slightly less
                  | encumbered by armour. (ER -2) [potion of mutation]
 10788 | Gauntlet | Got a steaming turquoise ring
 10791 | Gauntlet | Identified the ring "Zenal" {EV+2 SInv} (You found it in a
                  | Gauntlet)
 10929 | Gauntlet | Noticed a minotaur
 10940 | Gauntlet | Killed a minotaur
 10952 | Gauntlet | Identified Ummoapp's Volume of Protection and Intoxication
 11216 | Lair:3   | Lost intelligence.
 11379 | Lair:3   | Reached skill level 5 in Evocations
 11482 | Lair:3   | Lost mutation: Your movements are slightly less encumbered
                  | by armour. (ER -2) [potion of mutation]
 11482 | Lair:3   | Lost mutation: You are frail. (-10% HP) [potion of
                  | mutation]
 11482 | Lair:3   | Lost mutation: You are dopey. (Int -2) [potion of mutation]
 11482 | Lair:3   | Gained mutation: You have large cloven feet. [potion of
                  | mutation]
 11482 | Lair:3   | Gained mutation: Potions are less effective at restoring
                  | your health. [potion of mutation]
 11482 | Lair:3   | Gained mutation: Your flesh is heat resistant. (rF+)
                  | [potion of mutation]
 11910 | Lair:4   | Reached XP level 12. HP: 86/112 MP: 14/14
 12450 | Lair:5   | Reached skill level 12 in Fighting
 12650 | Lair:4   | Found a staircase to the Swamp.
 13362 | Lair:2   | Reached skill level 1 in Crossbows
 14178 | Lair:2   | Noticed a six-headed hydra
 14191 | Lair:2   | Killed a six-headed hydra
 14191 | Lair:2   | Reached skill level 13 in Fighting
 15307 | Lair:5   | Noticed a six-headed hydra
 15314 | Lair:5   | Killed a six-headed hydra
 15412 | Lair:5   | Reached XP level 13. HP: 115/122 MP: 17/17
 15614 | Lair:5   | Reached skill level 5 in Crossbows
 15773 | Lair:5   | Reached skill level 10 in Staves
 16282 | Lair:5   | Found a staircase to the Slime Pits.
 16282 | Lair:5   | Found a viscous altar of Jiyva.
 16505 | Lair:6   | Entered Level 6 of the Lair of Beasts
 16663 | Lair:6   | Reached skill level 14 in Fighting
 17424 | Lair:6   | Reached XP level 14. HP: 83/133 MP: 19/19
 17569 | Lair:6   | Identified the Almanac of Summoning
 17981 | Swamp:1  | Entered Level 1 of the Swamp
 19046 | D:11     | Reached skill level 10 in Axes
 19050 | D:11     | Found a staircase to the Orcish Mines.
 19427 | D:11     | Noticed Psyche
 19443 | D:11     | Killed Psyche
 19768 | D:12     | HP: 1/133 [phantasmal warrior[a death knight] (20)]
 20182 | Orc:1    | Entered Level 1 of the Orcish Mines
 20182 | Orc:1    | Noticed Nergalle
 20190 | Orc:1    | Killed Nergalle
 20376 | Orc:2    | Entered Level 2 of the Orcish Mines
 20494 | Orc:2    | Reached skill level 15 in Fighting
 20626 | Orc:1    | Found Axzus's Book Shoppe.
 21880 | Orc:2    | Reached skill level 10 in Evocations
 22090 | Orc:2    | Found Qoeff's Armour Shoppe.
 22090 | Orc:2    | Found Socw's Food Boutique.
 22091 | Orc:2    | Found Usialer's General Store.
 22091 | Orc:2    | Found Totagew's Antique Weapon Shoppe.
 22577 | Orc:2    | Found a staircase to the Elven Halls.
 23079 | Lair:4   | Reached XP level 15. HP: 122/141 MP: 17/21
 24261 | Swamp:4  | Entered Level 4 of the Swamp
 24261 | Swamp:4  | Noticed a thorn hunter
 24268 | Swamp:4  | Killed a thorn hunter
 24276 | Swamp:4  | Reached skill level 10 in Crossbows
 24610 | Swamp:4  | Noticed a thorn hunter
 24905 | Swamp:3  | Found a radiant altar of Vehumet.
 24940 | Swamp:3  | Noticed Nikola
 24965 | Swamp:3  | Killed Nikola
 25157 | Swamp:3  | Noticed Aizul
 25223 | Swamp:3  | Killed Aizul
 25380 | Swamp:3  | Reached skill level 16 in Fighting
 25990 | Orc:2    | Bought a ration for 60 gold pieces
 25990 | Orc:2    | Bought a ration for 60 gold pieces
 25990 | Orc:2    | Bought a ration for 60 gold pieces
 25990 | Orc:2    | Bought a ration for 60 gold pieces
 25990 | Orc:2    | Bought a ration for 60 gold pieces
 25990 | Orc:2    | Bought a ration for 60 gold pieces
 25990 | Orc:2    | Bought a ration for 60 gold pieces
 25990 | Orc:2    | Bought a ration for 60 gold pieces
 25990 | Orc:2    | Bought a ration for 60 gold pieces
 25990 | Orc:2    | Bought a ration for 60 gold pieces
 25990 | Orc:2    | Bought a ration for 60 gold pieces
 25990 | Orc:2    | Bought a ration for 60 gold pieces
 26118 | Snake:1  | Entered Level 1 of the Snake Pit
 27080 | Snake:2  | Found a runed translucent gate.
 27080 | Snake:2  | Found a runed translucent gate.
 27080 | Snake:2  | Found a runed translucent gate.
 27081 | Snake:2  | Noticed Zudghegex's ghost (adept DECj)
 27081 | Snake:2  | Noticed Uthraraba's ghost (adept OpFE)
 27096 | Snake:2  | Your ally Uthraraba died
 27107 | Snake:2  | Killed Zudghegex's ghost
 27935 | Snake:3  | Noticed a nagaraja
 27947 | Snake:3  | Killed a nagaraja
 28415 | Snake:3  | Found Ippul's Distillery.
 28446 | Snake:3  | Bought 2 potions of berserk rage for 100 gold pieces
 28446 | Snake:3  | Bought a potion of resistance for 100 gold pieces
 28446 | Snake:3  | Bought a potion of might for 40 gold pieces
 28446 | Snake:3  | Bought a potion of might for 40 gold pieces
 28446 | Snake:3  | Bought a potion of haste for 100 gold pieces
 28446 | Snake:3  | Bought a potion of curing for 30 gold pieces
 28479 | Snake:4  | Entered Level 4 of the Snake Pit
 28574 | Snake:4  | Reached XP level 16. HP: 152/152 MP: 23/23
 29179 | Snake:4  | Reached skill level 15 in Axes
 29184 | Snake:4  | HP: 4/152 [naga mage/cursed -1 halberd (9)]
 30262 | Snake:4  | Got a serpentine rune of Zot
 31839 | Swamp:4  | Noticed a thorn hunter
 31840 | Swamp:4  | Reached skill level 17 in Fighting
 31848 | Swamp:4  | Killed a thorn hunter
 32507 | Swamp:4  | Got a decaying rune of Zot
 32628 | Swamp:1  | Reached skill level 15 in Staves
 32629 | Swamp:1  | Noticed a thorn hunter
 32651 | Swamp:1  | Killed a thorn hunter
 33384 | D:12     | Noticed a sphinx
 33393 | D:12     | Killed a sphinx
 33469 | D:12     | Reached XP level 17. HP: 156/161 MP: 25/25
 33497 | D:12     | Lost mutation: Your flesh is heat resistant. (rF+) [potion
                  | of mutation]
 33497 | D:12     | Lost mutation: You have large cloven feet. [potion of
                  | mutation]
 33497 | D:12     | Lost mutation: Potions are less effective at restoring your
                  | health. [potion of mutation]
 33497 | D:12     | Gained mutation: You are clumsy. (Dex -2) [potion of
                  | mutation]
 33497 | D:12     | Gained mutation: You possess an exceptional clarity of
                  | mind. [potion of mutation]
 34413 | Snake:1  | Noticed Roxanne
 34439 | Snake:1  | Killed Roxanne
 34585 | Snake:1  | Found Izasav's Antique Armour Shop.
 34587 | Snake:1  | Found Oposear's Jewellery Boutique.
 34590 | Snake:1  | Found Luoma's Book Shop.
 34609 | Snake:1  | Bought a polished scale mail for 234 gold pieces
 34625 | Snake:1  | Identified the +6 scale mail "Xagereun" {rC+ MR- Str+3}
                  | (You bought it in a shop on level 1 of the Snake Pit)
 35175 | Snake:1  | Noticed Frances
 35192 | Snake:1  | Killed Frances
 37758 | D:13     | Cast into level 2 of the Abyss (a wizard)
 37799 | Abyss:2  | Gained mutation: Scrolls take you a little longer to read.
                  | [a neqoxec]
 37802 | Abyss:2  | Lost mutation: You possess an exceptional clarity of mind.
                  | [a neqoxec]
 37977 | Abyss:2  | Paralysed by a great orb of eyes for 6 turns
 38209 | Abyss:3  | Paralysed by accursed screaming for 1 turns
 38342 | Abyss:3  | Paralysed by accursed screaming for 1 turns
 38369 | D:13     | Escaped the Abyss
 39206 | D:14     | Found a gate to the Vaults.
 39245 | D:14     | Reached skill level 18 in Fighting
 39377 | D:14     | Noticed Snorg
 39385 | D:14     | Killed Snorg
 39969 | D:14     | Found Poaruu's Jewellery Boutique.
 40284 | D:15     | Entered Level 15 of the Dungeon
 40706 | D:15     | Found a staircase to the Depths.
 40885 | Depths:1 | Entered Level 1 of the Depths
 40994 | Depths:1 | Found a gateway to Hell.
 41053 | Depths:1 | Found a hide-covered altar of Uskayaw.
 41064 | Depths:1 | Got a twisted chain mail
 41075 | Depths:1 | Identified the cursed +0 chain mail "Jakke" {rF- rC+ Str+4
                  | Slay+2} (You found it on level 1 of the Depths)
 41657 | Depths:2 | Noticed a tentacled monstrosity
 41663 | Depths:2 | Killed a tentacled monstrosity
 41663 | Depths:2 | Reached XP level 18. HP: 146/172 MP: 20/26
 41732 | Depths:2 | Found a runed translucent door.
 41735 | Depths:2 | Found the +5 robe of Night {Dark MR+ SInv}
 41740 | Depths:2 | Paralysed by a floating eye for 2 turns
 41749 | Depths:2 | Found a runed translucent door.
 41758 | Depths:2 | Found a runed translucent door.
 41773 | Depths:2 | Found a runed translucent door.
 41807 | Depths:2 | Noticed a golden dragon
 41813 | Depths:2 | Noticed a caustic shrike
 41881 | Depths:2 | Killed a caustic shrike
 41884 | Depths:2 | Killed a golden dragon
 42347 | Depths:3 | Found a gateway to a ziggurat.
 42433 | Depths:3 | Found a large runed translucent door.
 42716 | Depths:3 | Found a one-way gate leading to the halls of Pandemonium.
 42731 | Depths:3 | Noticed a lich
 42735 | Depths:3 | Killed from afar by a fire dragon

Skill      XL: |  1  2  3  4  5  6  7  8  9 10 11 12 13 14 15 16 17 |
---------------+----------------------------------------------------+-----
Fighting       | 4 5 6 7 8 9 11 13 14 15 16 17 18 | 18.5
Armour         | 4 5 6 7 8 9 |  9.6
Shields        | 4 5 6 7 8 9 |  9.6
Axes           | 3 4 5 7 8 9 12 14 16 17 | 17.2
Short Blades   | 1 2 3 5 6 7 |  7.6
Slings         | 3 |  3.1
Staves         | 1 7 9 11 12 14 15 16 | 16.6
Evocations     | 5 7 9 10 11 12 13 | 13.3
Crossbows      | 4 7 9 11 12 13 | 13.9

Action                   |  1- 3 |  4- 6 |  7- 9 | 10-12 | 13-15 | 16-18 || total
-------------------------+-------+-------+-------+-------+-------+-------++-------
Melee: War axe           |    47 |    77 |       |       |       |       ||   124
       Headbutt          |     7 |    20 |    27 |   151 |   259 |   222 ||   686
       Rapier            |       |    58 |   188 |   139 |       |       ||   385
       Dagger            |       |       |     3 |       |       |       ||     3
       Quarterstaff      |       |       |       |   478 |   931 |   692 ||  2101
 Fire: Hunting sling     |       |       |       |    78 |       |       ||    78
       Arbalest          |       |       |       |    32 |   195 |   183 ||   410
Throw: Tomahawk          |       |    12 |     3 |     7 |    37 |    22 ||    81
       Javelin           |       |       |       |     5 |    33 |    15 ||    53
       Throwing net      |       |       |       |       |     2 |       ||     2
Invok: Potion Petition   |       |       |       |       |     4 |     6 ||    10
       Bribe Branch      |       |       |       |       |     1 |     1 ||     2
 Abil: Evoke Blink       |       |       |       |    10 |    31 |    18 ||    59
Evoke: Wand              |       |       |     5 |    11 |    28 |    38 ||    82
       Lamp of fire      |       |       |       |       |     1 |     2 ||     3
       Phial of floods   |       |       |       |       |     1 |     1 ||     2
  Use: Scroll            |       |     8 |       |    13 |    29 |    17 ||    67
       Potion            |       |       |     3 |    14 |     8 |     5 ||    30
 Stab: Confused          |       |       |     1 |       |     3 |       ||     4
       Distracted        |       |       |       |     1 |     7 |     5 ||    13
  Eat: Ration            |       |     2 |     3 |     9 |    14 |    13 ||    41
       Chunk             |       |     1 |       |       |       |       ||     1
Armor: Scale mail        |    27 |       |       |    97 |    96 |   250 ||   470
       Ring mail         |     3 |    66 |    63 |    25 |       |       ||   157
       Chain mail        |       |       |       |   250 |   479 |    23 ||   752
Dodge: Dodged            |    19 |    52 |    67 |   261 |   387 |   214 ||  1000
Block: Shield            |    22 |    74 |   125 |   115 |       |       ||   336
       Reflection        |       |       |     2 |     6 |     4 |     8 ||    20
       Other             |       |       |       |    81 |   168 |    74 ||   323
